 Dungeon Sprint DCSS version 0.28-a0-390-gb254ac4902 (webtiles) character file.

Game seed: 3936598215218583059

4801 MikeHunt the Cleaver (level 10, -1/91 HPs)
             Began as a Minotaur Abyssal Knight on Sept 3, 2021.
             Was the Champion of Lugonu.
             Succumbed to a cane toad's poison
             ... in the Dungeon (Sprint III: "The Ten Rune Challenge").
             The game lasted 00:07:51 (2348 turns).

MikeHunt the Cleaver (Minotaur Abyssal Knight)      Turns: 2348, Time: 00:07:51

Health: -1/91      AC: 11    Str: 16    XL:     10   Next: 24%
Magic:  9/17       EV: 14    Int:  9    God:    Lugonu [******]
Gold:   2221       SH:  0    Dex: 14    Spells: 9/9 levels left

rFire   . . .      SeeInvis .   g - +0 whip (elec)
rCold   . . .      Faith    .   (no shield)
rNeg    . . .      Spirit   .   e - +0 scale mail
rPois   .          Reflect  .   (helmet restricted)
rElec   .          Harm     .   i - +1 cloak
rCorr   .          Rampage  .   (no gloves)
Will    .....      NoTele   +   (no boots)
Stlth   ..........              (no amulet)
HPRegen 0.25/turn               (no ring)
MPRegen 0.15/turn               (no ring)

@: lethally poisoned (-1 -> -49)
A: horns 2, retaliatory headbutt
a: Renounce Religion, Bend Space, Banish, Corrupt, Brand Weapon With Distortion


You were in the Dungeon.
You worshipped Lugonu.
Lugonu was exalted by your worship.
You visited 1 branch You collected 2221 gold pieces.

Inventory:

Hand Weapons
 a - a +1 hand axe
 g - a +0 whip of electrocution (weapon)
 p - a +0 war axe
 q - a +0 shortbow
Missiles
 r - 68 arrows
Armour
 b - a +0 leather armour
 e - a +0 scale mail (worn)
 i - a +1 cloak (worn)
Scrolls
 h - 2 scrolls of blinking
 k - 2 scrolls of immolation {unknown}
 l - a scroll of identify {unknown}
 n - a scroll of holy word {unknown}
Potions
 c - 2 potions of curing
 d - a potion of heal wounds
 f - 2 potions of magic
 j - 4 potions of mutation {unknown}
 m - a potion of degeneration {unknown}
 o - 2 potions of flight


   Skills:
 - Level 9.2 Fighting
 - Level 14.7 Axes
 + Level 10.1 Bows
 - Level 10.0 Armour
 - Level 11.7 Dodging
 - Level 11.3 Invocations


You had 9 spell levels left.
You didn't know any spells.
Your spell library contained the following spells:

 Spells                   Type           Power      Damage    Failure   Level
 Apportation              Tloc           0%         N/A       75%         1
 Ensorcelled Hibernation  Hex/Ice        0%         N/A       86%         2
 Spider Form              Tmut/Pois      0%         N/A       98%         3
 Alistair's Intoxication  Tmut/Pois      0%         N/A       100%        5
 Invisibility             Hex            0%         N/A       100%        6


Dungeon Overview and Level Annotations

Branches:
Dungeon (1/1)

Altars:
Cheibriados
Dithmenos
Elyvilon
Fedhas
Gozag
Hepliaklqana
Kikubaaqudgha
Makhleb
Nemelex Xobeh
Okawaru
Qazlal
Ru
Sif Muna
Trog
Uskayaw
Vehumet
Wu Jian
Xom
Yredelemnul
Zin
The Shining One
Beogh
Jiyva
Lugonu

Shops:
D ?


Innate Abilities, Weirdness & Mutations

You have a pair of horns on your head.
You reflexively headbutt those who attack you in melee.


Message History

The cane toad is heavily wounded.
The cane toad misses you.
Unknown command.
Unknown command.
You barely miss the cane toad.
The cane toad is heavily wounded.
The cane toad stings you!
You are poisoned.
The cane toad poisons you!
You hit the cane toad but do no damage. You headbutt the cane toad.
The cane toad is severely wounded.
You feel very sick.
You are too injured to fight recklessly!
You are too injured to fight recklessly!
You hit the cane toad but do no damage.
The cane toad is severely wounded.
You feel very sick. The cane toad stings you.
You are more poisoned.
The cane toad poisons you!
You hit the cane toad but do no damage. Your headbutt misses the cane toad.
The cane toad is severely wounded.
You feel very sick. The cane toad closely misses you.
You hit the cane toad but do no damage.
The cane toad is severely wounded.
You feel very sick.
Press: ? - help, Shift-Dir - straight line, f - cane toad
Aim: a cane toad (severely wounded, chance to affect: 87%)
The cane toad barely resists.
* * * LOW HITPOINT WARNING * * *
You feel very sick. The cane toad stings you!
* * * LOW HITPOINT WARNING * * *
You are more poisoned.
The cane toad poisons you! The cane toad barely misses you.
Press: ? - help, Shift-Dir - straight line, f/p - cane toad
Aim: a cane toad (severely wounded, chance to affect: 87%)
The cane toad barely resists.
You die...

≈≈≈≈≈≈♣♣.#)..######'#.##...#..#
≈≈≈≈≈....#.⌠.#__#...#'###########
≈≈≈≈.....#...#__#...#..≈≈≈'.#.)..
≈≈.......#)###__#.).#§#§§≈#.#.#..
.........#...#__#...).#§§§#.#.#..
.........#___#__'...#.#§..#...#..
▓▓▓▓▓▓▓▓▓▓▓▓▓▓▓▓▓▓▓▓▓▓▓▓▓▓▓▓▓▓▓▓▓
♣♣≈≈≈........≈≈≈..
♣@♣≈≈≈≈≈≈≈≈≈≈≈≈♣♣P
#.F♣♣♣♣♣♣♣♣♣♣♣♣♣♣♣♣P #.. ♣♣ ###


You could see a cane toad.

Vanquished Creatures
  A centaur warrior (D)
  A cane toad (D)
  A komodo dragon (D)
  3 wandering mushrooms (D)
  A spatial vortex (D)
  2 orc warriors (D)
  2 centaurs (D)
  A necrophage (D)
  An earth elemental (D)
  A water elemental (D)
  A jelly (D)
  An orc priest (D)
  Crazy Yiuf (D)
  A wizard (D)
  3 orc wizards (D)
  A human (D)
  9 orcs (D)
  An endoplasm (D)
  3 rats (D)
35 creatures vanquished.

Vanquished Creatures (others)
  A fire dragon (D)
  3 plants (D)
4 creatures vanquished.

Grand Total: 39 creatures vanquished

Notes
Turn   | Place    | Note
-------+----------+-------------------------------------------
     0 | D        | MikeHunt the Minotaur Abyssal Knight began the quest for
                  | the Orb.
     0 | D        | Reached XP level 1. HP: 19/19 MP: 1/1
     5 | D        | Reached ** piety under Lugonu
     6 | D        | Reached skill level 3 in Axes
    70 | D        | Noticed Crazy Yiuf
    77 | D        | Killed Crazy Yiuf
    78 | D        | Reached skill level 5 in Axes
    78 | D        | Reached XP level 2. HP: 9/26 MP: 0/4
    78 | D        | Reached XP level 3. HP: 10/31 MP: 0/5
   163 | D        | Reached skill level 6 in Axes
   163 | D        | Reached skill level 5 in Invocations
   318 | D        | Noticed a water elemental
   323 | D        | Killed a water elemental
   323 | D        | Reached *** piety under Lugonu
   324 | D        | Reached skill level 8 in Axes
   324 | D        | Reached XP level 4. HP: 39/39 MP: 5/7
   442 | D        | Found a basalt altar of Yredelemnul.
   442 | D        | Found a shadowy altar of Dithmenos.
   442 | D        | Found a sacrificial altar of Ru.
   442 | D        | Noticed a necrophage
   456 | D        | Killed a necrophage
   457 | D        | Reached skill level 10 in Axes
   457 | D        | Reached XP level 5. HP: 40/45 MP: 4/10
   491 | D        | Found a hide-covered altar of Uskayaw.
   491 | D        | Found an iron altar of Okawaru.
   492 | D        | Found a bloodstained altar of Trog.
   492 | D        | Found an ornate altar of the Wu Jian Council.
   492 | D        | Noticed a human
   492 | D        | Noticed a human
   497 | D        | Banished a human
   498 | D        | Reached skill level 11 in Axes
   498 | D        | Reached XP level 6. HP: 45/51 MP: 5/12
   507 | D        | Reached **** piety under Lugonu
   507 | D        | Banished a human
   508 | D        | Reached skill level 12 in Axes
   508 | D        | Reached skill level 10 in Invocations
   755 | D        | Noticed a shadow
   757 | D        | Banished a shadow
   758 | D        | Reached skill level 13 in Axes
   758 | D        | Reached XP level 7. HP: 57/57 MP: 4/14
  1000 | D        | Killed a fire dragon
  1031 | D        | Found a glowing silver altar of Zin.
  1031 | D        | Found a glowing golden altar of the Shining One.
  1031 | D        | Found a white marble altar of Elyvilon.
  1031 | D        | Noticed a deep elf pyromancer
  1040 | D        | Banished a deep elf pyromancer
  1041 | D        | Reached skill level 14 in Axes
  1041 | D        | Reached skill level 5 in Dodging
  1041 | D        | Reached XP level 8. HP: 39/71 MP: 10/15
  1192 | D        | Found a radiant altar of Vehumet.
  1192 | D        | Found a shimmering blue altar of Sif Muna.
  1192 | D        | Found an ancient bone altar of Kikubaaqudgha.
  1220 | D        | Found a blossoming altar of Fedhas.
  1220 | D        | Found a stormy altar of Qazlal.
  1221 | D        | Found a snail-covered altar of Cheibriados.
  1221 | D        | Found a burning altar of Makhleb.
  1221 | D        | Found a hazy altar of Hepliaklqana.
  1221 | D        | Found a shimmering altar of Xom.
  1221 | D        | Found an opulent altar of Gozag.
  1221 | D        | Found a sparkling altar of Nemelex Xobeh.
  1221 | D        | Found a corrupted altar of Lugonu.
  1221 | D        | Found a viscous altar of Jiyva.
  1250 | D        | Noticed Erica
  1502 | D        | Reached ***** piety under Lugonu
  1749 | D        | Reached ****** piety under Lugonu
  1750 | D        | Banished Erica
  1751 | D        | Reached skill level 10 in Dodging
  1751 | D        | Reached XP level 9. HP: 68/83 MP: 11/16
  1767 | D        | Found Pihi's Magic Scroll Boutique.
  2018 | D        | Noticed a centaur warrior
  2028 | D        | Killed a centaur warrior
  2029 | D        | Reached skill level 10 in Armour
  2203 | D        | Banished an unseen horror
  2252 | D        | Noticed a wandering mushroom
  2271 | D        | Killed a wandering mushroom
  2272 | D        | Reached skill level 5 in Bows
  2273 | D        | Noticed a wandering mushroom
  2275 | D        | Noticed a wandering mushroom
  2290 | D        | Killed a wandering mushroom
  2291 | D        | Reached XP level 10. HP: 91/91 MP: 17/17
  2324 | D        | Noticed a cane toad
  2324 | D        | Noticed a cane toad
  2332 | D        | Killed a cane toad
  2341 | D        | Reached skill level 10 in Bows
  2348 | D        | Succumbed to a cane toad's poison

Illustrated notes

Levels and vault maps discovered:
D:        dungeon_sprint_mu [sprint_mu_entry_forest, sprint_mu_temple_rooms,
          sprint_mu_d1_horrors, sprint_mu_d2_genie, sprint_mu_d3_branching,
          sprint_mu_orc_legion, sprint_mu_elf_gauntlet, sprint_mu_hive_nellie,
          sprint_mu_lair_fedhas, sprint_mu_vaults_butterflies,
          sprint_mu_slime_circle, sprint_mu_swamp_cave, sprint_mu_snake_twists,
          sprint_mu_blade_basic, sprint_mu_crypt_lich, sprint_mu_tomb_spiral,
          sprint_mu_vestibule_basic, sprint_mu_gehenna_hellfire,
          sprint_mu_dis_giant, sprint_mu_tartarus_statrot,
          sprint_mu_cocytus_islands, sprint_mu_zot1]

Skill      XL: |  1  2  3  4  5  6  7  8  9 10 |
---------------+-------------------------------+-----
Invocations    | 4 6 8 9 11 | 11.3
Axes           | 5 8 10 11 13 14 | 14.7
Fighting       | 6 9 |  9.2
Dodging        | 5 10 11 | 11.7
Armour         | 8 10 | 10.0
Bows           | 7 10 | 10.1

Action                   |  1- 3 |  4- 6 |  7- 9 | 10-12 || total
-------------------------+-------+-------+-------+-------++-------
Melee: Hand axe          |    29 |    23 |    41 |       ||    93
       Headbutt          |     3 |     5 |    36 |     5 ||    49
       Whip              |       |       |    42 |    21 ||    63
       War axe           |       |       |    35 |       ||    35
 Fire: Shortbow          |       |       |    29 |    19 ||    48
Invok: Banish            |       |     5 |     7 |     2 ||    14
  Use: Potion            |     2 |       |     1 |       ||     3
 Stab: Distracted        |       |       |     1 |       ||     1
Armor: Leather armour    |     5 |     2 |     1 |       ||     8
       Scale mail        |       |       |    19 |     2 ||    21
Dodge: Dodged            |    11 |    11 |    35 |     8 ||    65

Table legend: (Time is in decaauts)
 A = Elapsed time spent in this place.
 B = Non-inter-level travel time spent in this place.
 C = Inter-level travel time spent in this place.
 D = Time resting spent in this place.
 E = Time spent auto-exploring this place.
 F = Levels seen in this place.
 G = Mean time per level.
                   A        B        C        D        E       F      G
               +--------+--------+--------+--------+--------+-----+--------+
         Total |   2311 |   2311 |      0 |   1632 |      0 |   1 | 2311.0 |
       Dungeon |   2311 |   2311 |      0 |   1632 |      0 |   1 | 2311.0 |
               +--------+--------+--------+--------+--------+-----+--------+

Top non-repeatable levels by time:
       D: 2311 daAuts
